 Dungeon Crawl Stone Soup version 0.29-a0-103-g37f86683bf (console) character file.

Game seed: 18403892128438843791

27155 petzl the Covert (level 13, -4/81 (101) HPs)
             Began as a Formicid Arcane Marksman on Feb 15, 2022.
             Was a High Priest of Vehumet.
             Slain by a four-headed hydra (20 damage)
             ... on level 6 of the Lair of Beasts on Feb 17, 2022.
             The game lasted 03:55:01 (23964 turns).

petzl the Covert (Formicid Arcane Marksman)        Turns: 23964, Time: 03:55:28

HP:   -4/81 (101)   AC:  8    Str: 16    XL:     13   Next: 63%
MP:   0/25          EV: 17    Int: 17    God:    Vehumet [*****.]
Gold: 348           SH:  0    Dex: 11    Spells: 2/29 levels left

rFire   . . .      SeeInvis +   a - +2 quarterstaff (chaos)
rCold   . . .      Faith    .   (no shield)
rNeg    . . .      Spirit   +   F - +0 troll leather armour
rPois   .          Reflect  .   (helmet unavailable)
rElec   +          Harm     .   v - +1 cloak {rCorr}
rCorr   +          Rampage  .   (no gloves)
Will    +....                   (no boots)
Stlth   ++++......              A - amulet of guardian spirit
HPRegen 1.03/turn               D - +4 ring of protection
MPRegen 0.19/turn               C - +4 ring of evasion

@: heavily drained
A: permanent stasis, dig shafts and tunnels, antennae 3, four strong arms,
deformed body, screaming 1, electricity resistance
a: Dig, Shaft Self, Renounce Religion


You were on level 6 of the Lair of Beasts.
You worshipped Vehumet.
Vehumet was extremely pleased with you.
You visited 5 branches of the dungeon, and saw 21 of its levels.

You collected 1310 gold pieces.
You spent 962 gold pieces at shops.

Inventory:

Hand Weapons
 a - a +2 quarterstaff of chaos (weapon)
 b - a +2 hand crossbow
 c - a +1 dagger of venom {!f =f}
 j - a +2 short sword of freezing
 o - a +0 trident
 y - a +0 flail of holy wrath
 K - a +0 vorpal broad axe {!f =f}
 N - a +4 eveningstar
 S - a +2 long sword of freezing
Missiles
 n - 62 poisoned darts (quivered)
 H - 28 bolts
 O - 6 javelins
Armour
 p - a +3 leather armour of cold resistance
 t - a +0 tower shield
 u - a +0 ring mail of poison resistance
 v - a +1 cloak of preservation (worn)
 w - a +2 scale mail of willpower
 z - a +2 robe of willpower
 F - a +0 troll leather armour (worn)
 T - a +2 robe of fire resistance
Magical Staves
 q - a staff of air
Jewellery
 x - a +6 ring of strength
 A - an amulet of guardian spirit (around neck)
 C - a +4 ring of evasion (right hand)
 D - a +4 ring of protection (left hand)
 J - a +6 ring of intelligence
 W - a +6 ring of dexterity
Wands
 h - a wand of flame (31)
 s - a wand of polymorph (26)
Scrolls
 e - 2 scrolls of amnesia
 k - 4 scrolls of immolation
 m - a scroll of identify
 E - a scroll of acquirement
 R - a scroll of fog
Potions
 d - 5 potions of curing
 f - 2 potions of invisibility {unknown}
 g - a potion of brilliance {unknown}
 i - a potion of ambrosia {unknown}
 l - 2 potions of lignification
 G - 2 potions of flight
 M - a potion of cancellation {unknown}
 P - a potion of mutation
Miscellaneous
 I - a tin of tremorstones (inert)
 L - a box of beasts (inert)
 V - a phantom mirror


   Skills:
 + Level 9.0 Fighting
 - Level 2.0 Short Blades
 - Level 1.6(2.0) Maces & Flails
 - Level 1.5(2.0) Staves
 - Level 4.0 Crossbows
 - Level 3.0 Armour
 - Level 6.0 Dodging
 + Level 9.0 Stealth
 + Level 8.9 Spellcasting
 + Level 7.6 Conjurations
 - Level 3.6 Hexes
 - Level 3.0 Necromancy
 - Level 4.0 Transmutations
 - Level 7.5 Fire Magic
 - Level 4.0 Air Magic
 - Level 7.0 Earth Magic
 - Level 5.0 Poison Magic
 - Level 3.0 Evocations


You had 2 spell levels left.
You knew the following spells:

 Your Spells              Type           Power      Damage    Failure   Level
a - Slow                  Hex            76%        N/A       2%          1
b - Flame Wave            Conj/Fire      33%        2d8       1%          4
c - Airstrike             Air            10%        N/A       6%          4
d - Iron Shot             Conj/Erth      16%        9d4       22%         6
s - Sticky Flame          Conj/Fire      33%        2d5       1%          4
u - Sublimation of Blood  Necr           17%        N/A       4%          2
F - Conjure Flame         Conj/Fire      33%        6-21      1%          3
I - Ignite Poison         Fire/Tmut/Pois 26%        N/A       1%          3

Your spell library contained the following spells:

 Spells                   Type           Power      Damage    Failure   Level
 Foxfire                  Conj/Fire      100%       2x1d9     1%          1
 Beastly Appendage        Tmut           42%        N/A       2%          1
 Wereblood                Tmut           21%        N/A       3%          2
 Dazzling Flash           Conj/Hex       52%        N/A       1%          3
 Inner Flame              Hex/Fire       26%        N/A       1%          3
 Spider Form              Tmut/Pois      22%        N/A       5%          3
 Iskenderun's Mystic Bla  Conj/Tloc      20%        2d6       7%          4
 Portal Projectile        Hex/Tloc       26%        N/A       16%         3
 Starburst                Conj/Fire      16%        6d6       19%         6
 Cause Fear               Hex            9%         N/A       26%         4
 Summon Mana Viper        Hex/Summ       13%        N/A       83%         5
 Summon Forest            Summ/Tloc      3%         N/A       97%         5
 Summon Cactus Giant      Summ           3%         N/A       100%        6
 Summon Hydra             Summ           3%         N/A       100%        7


Dungeon Overview and Level Annotations

Branches:
Dungeon (12/15)            Temple (1/1) D:7            Lair (4/6) D:9
    Orc (2/2) D:10            Elf (1/3) Orc:2
  Swamp: Lair:2-4    Shoals: Lair:2-4     Snake: Lair:2-4    Spider: Lair:2-4

Altars:
Ashenzari
Cheibriados
Dithmenos
Elyvilon
Fedhas
Gozag
Hepliaklqana
Kikubaaqudgha
Makhleb
Nemelex Xobeh
Okawaru
Qazlal
Ru
Sif Muna
Trog
Uskayaw
Vehumet
Wu Jian
Xom
Yredelemnul
Zin
The Shining One

Shops:
Orc:2 !(:!?

Annotations:
D:9 exclusion: downstairs
D:10 1 runed translucent door, exclusions: 3 downstairs and obsidian statue, fragbeetle's ghost, journeyman TrBe
D:11 exclusion: downstairs, Erica; Fannar
Orc:1 3 runed translucent doors, Forrutt's ghost, journeyman HOFi
Orc:2 exclusion: downstairs


Innate Abilities, Weirdness & Mutations

You cannot be hasted, slowed, berserked, paralysed or teleported.
You can dig through walls and to a lower floor.
You have a pair of large antennae on your head. (SInv)
Your four strong arms can wield two-handed weapons with a shield.
Armour fits poorly on your strangely shaped body.
You occasionally shout uncontrollably at your foes.
You are resistant to electric shocks. (rElec)


Message History

The cane toad is engulfed in blazing flames.
The cane toad stings you!
You hit the cane toad.
The cane toad is poisoned.
The cane toad is almost dead.
The cane toad is engulfed in blazing flames.
You kill the cane toad!
Vehumet accepts your kill.
You feel your power returning.
Training target 7.0 for Earth Magic reached!
Your Earth Magic skill increases to level 7!
You need to enable at least one skill for training.
Casting: Conjure Flame (safe; 1% risk of failure)
Confirm with . or Enter, or press ? or * to list all spells.
Aiming: Sticky Flame (mildly dangerous; 1% risk of failure)
Press: ? - help, Shift-Dir - straight line, f - four-headed hydra
Aim: a four-headed hydra (flame, 100% to hit)
The sticky flame hits the four-headed hydra.
The four-headed hydra is lightly wounded.
The four-headed hydra is covered in liquid flames!
The four-headed hydra burns!
The four-headed hydra is engulfed in blazing flames.
The four-headed hydra barely misses you.
The four-headed hydra misses you. x2
The four-headed hydra closely misses you.
You hit the four-headed hydra.
The four-headed hydra is moderately wounded.
The four-headed hydra burns!
The four-headed hydra is engulfed in blazing flames.
The four-headed hydra closely misses you. x2
The four-headed hydra misses you. x2
Unknown command.
You sock the four-headed hydra!
The four-headed hydra seems to grow stronger.
The four-headed hydra is severely wounded.
The four-headed hydra burns!
The four-headed hydra is engulfed in blazing flames.
The four-headed hydra bites you!! x2
* * * LOW HITPOINT WARNING * * *
The four-headed hydra bites you!!
You die...

*** *****,** **************
*,,*,,,***,*,,**,,,,,,**
****,,,,,***,,,,,,,,,,,,,,,
***,,,,,,,,***,,,,,,,,,,,,,,,
**,**,,,,,,,,**,,,,,,,,,,*,,,,
**,*,,,,,*,**,****,,*,*,*******
**,*,,,,,******* *,,,,**** *
**,,,,,,,,* *,,,,* *,**,,,,***
*,,,,* ##..,*,** ***,,,,* ###...,,**
****,*,,,***** ***** #P..#.,,**
*,*,,**,,,,,,***,*,* #.....,*,*
*,,,,,,,,,,,,,,,,,*, ##.P..P,***
*#.,,,,,,,,,,,,<,,,,,
#..F...#####***#.),,,*,,,,,,,,,,,,,,
#......#.#D##,..(.,,,**,*,**,*,,*,,,
#....##.#.#@##....*,*******,*,,,,,,,
#....#.######.....*** ***,,,,,,,
##...P.#.##......#,* ***,,,,*,,
#........##.....#*,* *,,,,,*,*,
#..P............#,,* ******,,,,,,*,,
#.P..............#** *,,*,,,,,,***,,
##.P.P##.###....## ****,,,,,,,,* ***
#....*###**....#* *,,,,,,,,,,** *,
##...* **,.....# **,,,,,,,,** *,
###** *,,...### *,,,,,,,,,** **
******* **,...# **,,,,,,,,,* *,
*,,*,,*****,...#* *,,,,,,,,,,* *,
**,,,,,**,*,,,,,* **,,,,,,,,** **
*,,,,,,,,,,,,,,**** *,,*,,,,,** **
**,,,,,,,,,,,,,,,,* ***,**,,** **,
*,,,,,,,,*,,,,,,,** ******* ***,,
*,,,,,******,,,,**** *,*,, *,,,,,**
*,,,,,*,** *,,,, **,,,,,,*
*,*,,,,*,** ****,,,


You could see a four-headed hydra (strong, burning).

Vanquished Creatures
  Snorg (D:11)
  Harold (D:7)
  3 hydras
  A dancing weapon (Orc:2)
  3 orc high priests (Orc:2)
  5 orc knights
  4 orc sorcerers (Orc:2)
  A black mamba (Lair:3)
  Maggie (D:7)
  2 cane toads
  A gargoyle (D:11)
  A kobold demonologist (Orc:1)
  An unseen horror (D:11)
  3 komodo dragons
  5 trolls
  A hornet (D:9)
  Grinder (D:3)
  A wraith (D:9)
  3 wyverns
  Sigmund (D:2)
  14 yaks
  A shadow (D:11)
  A golden eye (shapeshifter) (D:5)
  A basilisk (Lair:1)
  Menkaure (D:4)
  3 wargs (Orc:1)
  An acid dragon (D:8)
  7 water moccasins
  20 orc warriors
  2 ice beasts
  2 sky beasts
  A hornet zombie (D:9)
  A necrophage (D:6)
  6 black bears
  7 ogres
  A centaur (D:10)
  5 wolves
  2 phantoms
  17 kobold brigands
  6 bullfrogs
  A wyvern zombie (D:7)
  2 gnoll sergeants
  2 scorpions
  A water moccasin skeleton (D:6)
  A hornet simulacrum (D:8)
  An electric eel (D:9)
  2 howler monkeys (D:5)
  2 centaur zombies
  A bullfrog zombie (D:9)
  7 hounds
  4 jellies
  2 bullfrog skeletons (D:6)
  17 orc priests
  2 gnoll shamans
  Crazy Yiuf (D:2)
  A scorpion zombie (D:5)
  3 iguanas
  24 orc wizards
  Terence (D:2)
  A centaur simulacrum (D:8)
  A hound skeleton (D:5)
  2 howler monkey zombies
  24 gnolls
  A howler monkey skeleton (D:7)
  6 adders
  A shadow imp (D:5)
  4 white imps
  2 ufetubi (D:5)
  2 worms
  4 dart slugs
  58 orcs
  2 bats
  10 endoplasms
  2 giant cockroaches
  5 goblins
  8 hobgoblins
  4 jackals (D:4)
  7 quokkas
  6 ball pythons
  2 frilled lizards (D:1)
  21 kobolds
  3 rats
390 creatures vanquished.

Vanquished Creatures (collateral kills)
  Urug (Lair:1)
1 creature vanquished.

Vanquished Creatures (others)
  A gnoll (D:10)
  8 fungi
  21 plants
30 creatures vanquished.

Grand Total: 421 creatures vanquished

Notes
Turn   | Place    | Note
-------+----------+-------------------------------------------
     0 | D:1      | petzl the Formicid Arcane Marksman began the quest for the
                  | Orb.
     0 | D:1      | Reached XP level 1. HP: 15/15 MP: 2/2
    91 | D:1      | Reached XP level 2. HP: 21/21 MP: 3/3
   613 | D:1      | Found a faded altar of an unknown god.
   690 | D:1      | Reached XP level 3. HP: 26/26 MP: 5/5
   924 | D:2      | Reached skill level 1 in Stealth
  1162 | D:2      | Found a runed translucent door.
  1163 | D:2      | Noticed Crazy Yiuf
  1365 | D:2      | Reached skill level 1 in Armour
  1381 | D:2      | Noticed Sigmund
  1512 | D:2      | Noticed Terence
  1686 | D:2      | You fall into a shaft and drop 2 floors!
  1888 | D:4      | Noticed a scorpion
  1893 | D:4      | Found an ancient bone altar of Kikubaaqudgha.
  2157 | D:2      | Reached XP level 4. HP: 32/33 MP: 6/6
  2216 | D:2      | Reached XP level 5. HP: 38/38 MP: 8/8
  2346 | D:3      | Noticed Grinder
  3101 | D:3      | Found a shadowy altar of Dithmenos.
  3653 | D:3      | Killed Grinder
  3654 | D:3      | Reached XP level 6. HP: 39/47 MP: 7/10
  3848 | D:4      | Reached XP level 7. HP: 40/52 MP: 11/11
  4033 | D:5      | Entered Level 5 of the Dungeon
  4190 | D:4      | Reached skill level 1 in Evocations
  4588 | D:2      | Killed Crazy Yiuf
  4762 | D:2      | Killed Sigmund
  4784 | D:2      | Killed Terence
  5033 | D:4      | Noticed Menkaure
  5097 | D:5      | Noticed a shapeshifter
  5097 | D:5      | a hound changed into a shapeshifter
  5097 | D:5      | Noticed a golden eye
  5097 | D:5      | a shapeshifter changed into a golden eye
  5102 | D:5      | Killed a golden eye
  5103 | D:5      | Reached XP level 8. HP: 58/60 MP: 9/13
  5405 | D:4      | Killed Menkaure
  5878 | D:5      | Reached skill level 5 in Stealth
  6206 | D:5      | Reached XP level 9. HP: 63/67 MP: 15/15
  6210 | D:5      | Reached skill level 5 in Fighting
  6627 | D:6      | You fall into a shaft and drop 1 floor!
  7087 | D:7      | Noticed Maggie
  7195 | D:7      | Reached skill level 5 in Spellcasting
  7218 | D:7      | Found a shimmering altar of Xom.
  7348 | D:7      | Found a staircase to the Ecumenical Temple.
  7354 | Temple   | Entered the Ecumenical Temple
  7411 | Temple   | Became a worshipper of Vehumet
  7550 | D:7      | Noticed Harold
  7641 | D:7      | Reached skill level 5 in Dodging
  8036 | D:9      | Learned a level 3 spell: Conjure Flame
  8148 | D:8      | Reached skill level 1 in Conjurations
  8148 | D:8      | Reached skill level 1 in Fire Magic
  8699 | D:8      | Noticed a troll
  8738 | D:8      | Killed a troll
  8777 | D:8      | Reached XP level 10. HP: 72/76 MP: 11/18
  9205 | D:6      | Reached * piety under Vehumet
  9205 | D:6      | Offered knowledge of Sandblast by Vehumet.
  9638 | D:5      | Reached skill level 5 in Fire Magic
  9824 | D:6      | Found a bloodstained altar of Trog.
  9917 | D:6      | Offered knowledge of Scorch by Vehumet.
  9930 | D:6      | Reached ** piety under Vehumet
 10649 | D:10     | Entered Level 10 of the Dungeon
 10858 | D:9      | Reached skill level 5 in Conjurations
 10901 | D:9      | Found a staircase to the Lair.
 11026 | D:9      | Found a shimmering blue altar of Sif Muna.
 11071 | D:9      | Found a snail-covered altar of Cheibriados.
 11349 | D:9      | Gained mutation: Your spells are a little easier to cast,
                  | but a little less powerful. [potion of mutation]
 11349 | D:9      | Gained mutation: You have sharp toenails. [potion of
                  | mutation]
 11349 | D:9      | Gained mutation: You are partially covered in iridescent
                  | scales. (AC +2) [potion of mutation]
 11411 | D:10     | Found a runed translucent door.
 11412 | D:10     | Noticed fragbeetle's ghost (journeyman TrBe)
 11422 | D:10     | Noticed an obsidian statue
 11540 | D:10     | Reached XP level 11. HP: 70/83 MP: 14/21
 11729 | D:10     | Offered knowledge of Ignite Poison by Vehumet.
 11790 | D:10     | Reached *** piety under Vehumet
 11795 | D:10     | Learned a level 3 spell: Ignite Poison
 11825 | D:10     | Learned a level 2 spell: Sublimation of Blood
 11946 | D:10     | Identified the +1 plate armour of Facisut {rF+ rCorr Dex+5}
 12067 | D:11     | Noticed a cyclops
 12110 | D:11     | Noticed Fannar
 12110 | D:11     | Noticed a seven-headed hydra
 12134 | D:11     | Noticed Snorg
 12490 | D:10     | Found a staircase to the Orcish Mines.
 12502 | Orc:1    | Entered Level 1 of the Orcish Mines
 12767 | Orc:2    | Entered Level 2 of the Orcish Mines
 12767 | Orc:2    | Noticed an orc knight
 13247 | D:11     | Reached skill level 1 in Poison Magic
 13465 | D:9      | Reached skill level 1 in Transmutations
 13636 | D:9      | Reached skill level 1 in Necromancy
 13646 | Lair:1   | Entered Level 1 of the Lair of Beasts
 13677 | Lair:1   | Noticed Urug
 13706 | Lair:1   | Killed Urug
 14143 | Lair:1   | Noticed an eight-headed hydra
 14253 | D:9      | Lost mutation: You have sharp toenails. [potion of
                  | mutation]
 14253 | D:9      | Lost mutation: You are partially covered in iridescent
                  | scales. (AC +2) [potion of mutation]
 14253 | D:9      | Gained mutation: You have hidden genetic potential. [potion
                  | of mutation]
 14253 | D:9      | Gained mutation: Your body sometimes deteriorates upon
                  | taking damage. [potion of mutation]
 14253 | D:9      | Gained mutation: Your magical capacity is low. (-10% MP)
                  | [potion of mutation]
 14254 | D:9      | Lost mutation: Your magical capacity is low. (-10% MP)
                  | [potion of mutation]
 14254 | D:9      | Lost mutation: Your spells are a little easier to cast, but
                  | a little less powerful. [potion of mutation]
 14254 | D:9      | Gained mutation: Your spells are a little easier to cast,
                  | but a little less powerful. [potion of mutation]
 14254 | D:9      | Lost mutation: You have hidden genetic potential. [potion
                  | of mutation]
 14255 | D:9      | Lost mutation: Your body sometimes deteriorates upon taking
                  | damage. [potion of mutation]
 14255 | D:9      | Lost mutation: Your spells are a little easier to cast, but
                  | a little less powerful. [potion of mutation]
 14255 | D:9      | Gained mutation: You occasionally shout uncontrollably at
                  | your foes. [potion of mutation]
 14255 | D:9      | Gained mutation: You are resistant to electric shocks.
                  | (rElec) [potion of mutation]
 14255 | D:9      | Gained mutation: Armour fits poorly on your strangely
                  | shaped body. [potion of mutation]
 14723 | D:7      | Killed Harold
 14729 | D:7      | You fall into a shaft and drop 1 floor!
 14860 | D:7      | Killed Maggie
 15140 | D:11     | Reached skill level 1 in Staves
 15402 | D:12     | Reached skill level 1 in Maces & Flails
 15440 | D:12     | Noticed a boulder beetle
 15748 | D:11     | Killed Snorg
 15748 | D:11     | Noticed a cyclops
 15930 | D:11     | Noticed a boulder beetle
 16001 | D:10     | Learned a level 3 spell: Spider Form
 16175 | D:11     | Noticed Erica
 16249 | D:9      | You fall into a shaft and drop 1 floor!
 16315 | D:8      | You fall into a shaft and drop 3 floors!
 16830 | D:10     | Killed an orc knight
 16830 | D:10     | Offered knowledge of Airstrike by Vehumet.
 16836 | D:10     | Learned a level 4 spell: Airstrike
 16972 | Orc:1    | Reached skill level 1 in Air Magic
 16972 | Orc:1    | Reached XP level 12. HP: 46/61 MP: 13/23
 17669 | Orc:1    | Reached skill level 1 in Short Blades
 17972 | Orc:2    | Found Yjohiden's Magic Scroll Emporium.
 17991 | Orc:2    | Bought a scroll of acquirement for 624 gold pieces
 18036 | Orc:1    | Reached **** piety under Vehumet
 18190 | Orc:1    | Noticed Forrutt's ghost (journeyman HOFi)
 18251 | Orc:1    | Found a runed translucent gate.
 18381 | Orc:1    | Found a runed translucent gate.
 18381 | Orc:1    | Found a runed translucent gate.
 19056 | Orc:1    | Offered knowledge of Irradiate by Vehumet.
 19064 | Orc:1    | Reached skill level 5 in Poison Magic
 19489 | Orc:2    | Found a staircase to the Elven Halls.
 19613 | Orc:2    | Found a radiant altar of Vehumet.
 19708 | Orc:2    | Learned a level 4 spell: Flame Wave
 20029 | Orc:2    | Noticed an orc high priest
 20157 | Orc:2    | Killed an orc high priest
 20159 | Orc:2    | Noticed an orc high priest
 20169 | Orc:2    | Killed an orc high priest
 20605 | Orc:2    | Noticed an orc high priest
 20839 | Orc:2    | Reached XP level 13. HP: 99/99 MP: 21/25
 21187 | Orc:2    | Found Utets's Distillery.
 21194 | Orc:2    | Found Xyn Osy's Book Shop.
 21196 | Orc:2    | Found Zasunyirgh's Antique Weapon Shop.
 21198 | Orc:2    | Found Motz's Distillery.
 21309 | Elf:1    | Entered Level 1 of the Elven Halls
 21453 | Orc:2    | Bought an Everburning Encyclopedia for 338 gold pieces
 21458 | Orc:2    | Learned a level 4 spell: Sticky Flame
 21641 | Lair:1   | You fall into a shaft and drop 1 floor!
 22056 | Lair:1   | Noticed a six-headed hydra
 22071 | Lair:1   | Killed a six-headed hydra
 22079 | Lair:1   | Reached ***** piety under Vehumet
 22218 | Lair:1   | Killed an eight-headed hydra
 22218 | Lair:1   | Offered knowledge of Iron Shot by Vehumet.
 22228 | Lair:1   | Learned a level 6 spell: Iron Shot
 22965 | Lair:2   | Noticed a seven-headed hydra
 22985 | Lair:1   | Reached skill level 5 in Earth Magic
 23142 | Lair:2   | Killed a seven-headed hydra
 23885 | Lair:4   | Noticed a five-headed hydra
 23894 | Lair:4   | Noticed a catoblepas
 23930 | Lair:4   | You fall into a shaft and drop 2 floors!
 23930 | Lair:6   | Entered Level 6 of the Lair of Beasts
 23930 | Lair:6   | Noticed a four-headed hydra
 23964 | Lair:6   | Slain by a four-headed hydra

Illustrated notes

Levels and vault maps discovered:
D:1:      amcnicky_arrival_wind_blow, layout_rooms,
          hellmonk_ecumenical_altar_heavens_door, chequers_avenue
D:2:      layout_rooms, uniq_sigmund, uniq_terence, uniq_crazy_yiuf_cottage
D:3:      layout_rooms, mainiacjoe_overflow_chevrons, uniq_grinder
D:4:      minmay_diamond_boxcup, layout_rooms, old_standard_altar, uniq_menkaure
D:5:      layout_loops_ring
D:6:      minmay_spotlight, layout_rooms, mainiacjoe_overflow_alcove_1
D:7:      layout_basic, mainiacjoe_overflow_catwalk,
          minmay_temple_entry_enclosed_plants, grunt_ministairs_12,
          minmay_tree_intersection, uniq_maggie, uniq_harold
D:8:      layout_loops_ring, serial_ice, serial_ice_h, serial_ice_j,
          serial_ice_d, serial_ice_e
D:9:      layout_loops_cross, mainiacjoe_overflow_big_doors, erik_lair_island
D:10:     layout_layer_cave, david_orc_4, hellmonk_ghost_happy_afterlife,
          minmay_misc_feat_cross, minmay_statue_bubble
D:11:     layout_roguey, gammafunk_ghost_grave, gauntlet_entry_generic,
          kennysheep_small_circle, uniq_erica, uniq_fannar, uniq_snorg
D:12:     layout_gridville, portal_ice_cave_rime, uniq_josephine
Temple:   lightli_temple_of_artemis
Lair:1:   layout_hall_layers, lemuel_fruit_fields, lemuel_fruit_tree,
          lemuel_fruit_fields, uniq_urug
Lair:2:   layout_chaotic_city, grunt_megastairs_4
Lair:3:   layout_gridlike, ice2_lemuel
Lair:4:   layout_roguey, nicolae_swamp_entry_splash_gauntlet,
          nicolae_spider_entry_tight_spaces, columned_hall_lemuel, uniq_kirke
Lair:6:   minmay_lair_end_enchanted_forest, layout_concentric_octagons,
          st_stairs_3
Orc:1:    layout_caves, ebering_ghost_rock_garden, special_room
          [special_room_kobold]
Orc:2:    st_orc_elflike, layout_diamond_mine, serial_shops,
          nicolae_shop_waterfront, basic_altar
Elf:1:    eino_elf_arrival_altar, layout_geoelf_diagonals, serial_shops, shop,
          orc_legates, st_stairs_4, uniq_agnes

Skill      XL: |  1  2  3  4  5  6  7  8  9 10 11 12 13 |
---------------+----------------------------------------+-----
Dodging        | 2 3 4 5 6 |  6.0
Stealth        | 1 3 4 5 6 7 8 9 |  9.0
Armour         | 1 2 3 |  3.0
Fighting       | 2 3 4 5 6 7 8 9 |  9.0
Spellcasting   | 2 3 4 5 6 7 8 |  8.9
Crossbows      | 3 4 |  4.0
Evocations     | 2 3 |  3.0
Conjurations   | 2 5 6 7 |  7.6
Fire Magic     | 3 5 6 7 |  7.5
Poison Magic   | 4 5 |  5.0
Transmutations | 3 4 |  4.0
Necromancy     | 3 |  3.0
Staves         | 1 |  1.5
Maces & Flails | 1 |  1.6
Air Magic      | 1 4 |  4.0
Short Blades   | 2 |  2.0
Earth Magic    | 7 |  7.0
Hexes          | |  3.6

Action                   |  1- 3 |  4- 6 |  7- 9 | 10-12 | 13-15 || total
-------------------------+-------+-------+-------+-------+-------++-------
Melee: Whip              |     9 |       |       |       |       ||     9
       Short sword       |       |    94 |       |       |       ||    94
       Punch             |       |     2 |     1 |     5 |       ||     8
       Trident           |       |       |    50 |       |       ||    50
       Quarterstaff      |       |       |   169 |   328 |    48 ||   545
       Kick              |       |       |       |    30 |       ||    30
       Unarmed           |       |       |       |     5 |       ||     5
       Dagger            |       |       |       |   117 |    13 ||   130
       Eveningstar       |       |       |       |       |     5 ||     5
 Fire: Hand crossbow     |    84 |    41 |   124 |   310 |    57 ||   616
Throw: Dart              |       |     1 |     2 |   101 |    18 ||   122
       Throwing net      |       |       |       |     3 |       ||     3
       Javelin           |       |       |       |     2 |       ||     2
 Cast: Slow              |     1 |    16 |    68 |    70 |     2 ||   157
       Conjure Flame     |       |       |     7 |    74 |    24 ||   105
       Ignite Poison     |       |       |       |    88 |    13 ||   101
       Spider Form       |       |       |       |     3 |       ||     3
       Sticky Flame      |       |       |       |       |    34 ||    34
       Iron Shot         |       |       |       |       |     2 ||     2
       Flame Wave        |       |       |       |       |     1 ||     1
 Abil: Dig               |     1 |       |     6 |    15 |     2 ||    24
       Shaft Self        |     1 |       |     1 |     3 |     2 ||     7
       End Transformatio |       |       |       |     3 |       ||     3
Evoke: Wand              |       |     1 |    14 |    20 |     4 ||    39
       Tin of tremorston |       |       |       |     2 |     1 ||     3
       Box of beasts     |       |       |       |     1 |     1 ||     2
  Use: Potion            |     1 |     1 |       |     8 |       ||    10
       Scroll            |       |     2 |    10 |     7 |     7 ||    26
 Stab: Sleeping          |       |       |     6 |     2 |       ||     8
       Petrified         |       |       |     3 |       |       ||     3
       Paralysed         |       |       |     1 |    10 |       ||    11
       Confused          |       |       |     1 |       |       ||     1
       Held in net/web   |       |       |       |     1 |       ||     1
       Distracted        |       |       |       |     1 |       ||     1
Armor: Robe              |     5 |       |       |       |       ||     5
       Leather armour    |     6 |    21 |     3 |       |       ||    30
       Ring mail         |       |       |    64 |   115 |       ||   179
       Troll leather arm |       |       |       |    24 |    34 ||    58
Dodge: Dodged            |    40 |    58 |   163 |   463 |   126 ||   850

Table legend: (Time is in decaauts)
 A = Elapsed time spent in this place.
 B = Non-inter-level travel time spent in this place.
 C = Inter-level travel time spent in this place.
 D = Time resting spent in this place.
 E = Time spent auto-exploring this place.
 F = Levels seen in this place.
 G = Mean time per level.
                   A        B        C        D        E       F      G
               +--------+--------+--------+--------+--------+-----+--------+
         Total |  24335 |  22488 |   1847 |   6817 |   3739 |  21 | 1158.8 |
       Dungeon |  16625 |  15308 |   1317 |   4555 |   3666 |  12 | 1385.4 |
        Temple |     74 |     48 |     26 |      0 |      2 |   1 |   74.0 |
          Lair |   2599 |   2439 |    160 |    664 |      0 |   5 |  519.8 |
  Orcish Mines |   5029 |   4686 |    343 |   1598 |     71 |   2 | 2514.5 |
   Elven Halls |      6 |      6 |      0 |      0 |      0 |   1 |    6.0 |
               +--------+--------+--------+--------+--------+-----+--------+

Top non-repeatable levels by time:
   Orc:1: 3047 daAuts
    D:10: 2299 daAuts
   Orc:2: 1982 daAuts
     D:2: 1843 daAuts
     D:7: 1820 daAuts
     D:9: 1802 daAuts
     D:4: 1657 daAuts
  Lair:1: 1490 daAuts
    D:11: 1446 daAuts
     D:8: 1377 daAuts
     D:1: 1233 daAuts
     D:3: 1069 daAuts
     D:6: 1059 daAuts
     D:5: 952 daAuts
  Lair:2: 941 daAuts
